 Dungeon Crawl Stone Soup version 0.25-a0-544-gee0576305d (webtiles) character file.

Game seed: 8317807448960457586, levelgen mode: deterministic

29 Irikuri the Twirler (level 3, -3/30 HPs)
             Began as a Minotaur Gladiator on Feb 20, 2020.
             Was an Initiate of Elyvilon.
             Killed by nerve-wracking pain
             ... invoked by an orc priest
              (13 damage)
             ... on level 3 of the Dungeon.
             The game lasted 00:12:22 (660 turns).

Irikuri the Twirler (Minotaur Gladiator)             Turns: 660, Time: 00:12:22

Health: -3/30      AC:  5    Str: 19    XL:     3   Next: 1%
Magic:  1/1        EV: 13    Int:  5    God:    Elyvilon [......]
Gold:   51         SH:  0    Dex: 11    Spells: 2/2 levels left

rFire    . . .     SeeInvis .   a - +0 quarterstaff
rCold    . . .     Gourm    .   (shield currently unavailable)
rNeg     . . .     Faith    .   b - +1 leather armour
rPois    +         Spirit   .   c - +0 hat
rElec    .         Reflect  .   (no cloak)
rCorr    .         Harm     .   (no gloves)
MR       +....                  (no boots)
Stlth    +.........             (no amulet)
HPRegen  0.10/turn              e - ring of poison resistance
MPRegen  0.07/turn              j - ring of protection from magic

@: no status effects
A: retaliatory headbutt, horns 2, low mp 1, sense surroundings 1, shaggy fur 1
a: Renounce Religion


You were on level 3 of the Dungeon.
You worshipped Elyvilon.
Elyvilon was noncommittal.
You were not hungry.

You visited 1 branch of the dungeon, and saw 3 of its levels.

You collected 51 gold pieces.

Inventory:

Hand Weapons
 a - a +0 quarterstaff (weapon)
 h - a +0 club
Missiles
 d - 3 throwing nets (quivered)
 l - 31 sling bullets
 m - 21 stones
 n - 41 bolts
Armour
 b - a +1 leather armour (worn)
 c - a +0 hat (worn)
Jewellery
 e - a ring of poison resistance (left hand)
 j - a ring of protection from magic (right hand)
Scrolls
 o - a scroll of identify
Potions
 i - a potion of mutation
Comestibles
 f - 2 rations
 g - 5 chunks of flesh


   Skills:
 + Level 2.6 Fighting
 + Level 4.2 Staves
 + Level 2.2 Throwing
 + Level 0.4 Armour
 + Level 3.8 Dodging


You had 2 spell levels left.
You didn't know any spells.
Your spell library was empty.

Dungeon Overview and Level Annotations

Branches:
Dungeon (3/15)

Altars:
Dithmenos
Elyvilon


Innate Abilities, Weirdness & Mutations

You reflexively headbutt those who attack you in melee.
You have a pair of horns on your head.
Your magical capacity is low. (-10% MP)
You passively map a small area around you.
You are covered in fur. (AC +1)


Message History

The orc priest barely misses you. You furiously retaliate!
You headbutt the orc priest.
The orc priest mumbles some strange prayers to Beogh against you.
Beogh smites you!
Ouch! That really hurt!
* * * LOW HITPOINT WARNING * * *
You barely miss the orc priest. You headbutt the orc priest.
The orc priest is heavily wounded.
The orc priest closely misses you.
You hit the orc priest but do no damage.
You headbutt the orc priest, but do no damage.
The orc priest is heavily wounded.
The orc barely misses you. You furiously retaliate!
You headbutt the orc. The orc priest barely misses you.
You furiously retaliate!
You headbutt the orc priest. You hit the orc priest.
The orc priest is severely wounded.
The orc priest mumbles some strange prayers to Beogh against you.
Pain shoots through your body!
You die...

** *.#.*.# * ,
...#o# *
*#..#.#,#
#..#.#.# * *
.>#.#.## * * ,
* *#.#o...# *
,
...####.#....#
,
.......oo....#
* * ,
..####@###+##
, #.# * * , *
,, #.# , , * *
#.###, * , *
,,, #...# ,* *
,, ###.#, , ,*
, #.#, , * , ,
#.# ** * * , *
* #.# ,##


You could see 2 orc priests and an orc.

Vanquished Creatures
  An ooze (D:1)
  An adder skeleton (D:2)
  A worm (D:3)
  A ball python (D:1)
  3 bats
  3 goblins
  2 hobgoblins
  2 kobolds (D:1)
  A frilled lizard (D:1)
  4 rats
19 creatures vanquished.

Notes
Turn   | Place    | Note
-------+----------+-------------------------------------------
     0 | D:1      | Irikuri the Minotaur Gladiator began the quest for the Orb.
     0 | D:1      | Reached XP level 1. HP: 18/18 MP: 0/0
    96 | D:1      | Reached XP level 2. HP: 24/25 MP: 1/1
   111 | D:1      | Gained mutation: Your magical capacity is low. (-10% MP)
                  | [potion of mutation]
   111 | D:1      | Gained mutation: You are covered in fur. (AC +1) [potion of
                  | mutation]
   111 | D:1      | Gained mutation: You passively map a small area around you.
                  | [potion of mutation]
   211 | D:1      | Reached skill level 4 in Staves
   238 | D:1      | You fall into a shaft and drop 1 floor!
   366 | D:2      | Found a shadowy altar of Dithmenos.
   366 | D:2      | Found a white marble altar of Elyvilon.
   373 | D:2      | Became a worshipper of Elyvilon the Healer
   625 | D:3      | Reached XP level 3. HP: 21/30 MP: 1/1
   660 | D:3      | Killed from afar by an orc priest

Levels and vault maps discovered:
D:1:      dpeg_arrival_ternary, layout_basic
D:2:      kennysheep_big_flooded_room, layout_loops_ring,
          gammafunk_temple_overflow_wave, first_ration
D:3:      layout_basic

Skill      XL: |  1  2 |
---------------+-------+-----
Staves         | 4 |  4.2
Fighting       | |  2.6
Throwing       | |  2.2
Armour         | |  0.4
Dodging        | |  3.8

Action                   || total
-------------------------++-------
Melee: Quarterstaff      ||    39
       Headbutt          ||    12
  Use: Scroll            ||     4
       Potion            ||     4
Armor: Leather armour    ||     3
Dodge: Dodged            ||    22

Table legend:
 A = Non-vault XP
 B = Vault XP
 C = Vault XP percentage of total XP
 D = Non-vault monster count
 E = Vault monster count
 F = Vault count percentage of total count
                 A         B        C        D         E       F
            +---------+---------+-------+---------+---------+-------
      Total |      42 |       0 |   0.0 |      19 |       0 |   0.0
            +---------+---------+-------+---------+---------+-------
        D:1 |      25 |       0 |   0.0 |      12 |       0 |   0.0
        D:2 |      10 |       0 |   0.0 |       5 |       0 |   0.0
        D:3 |       7 |       0 |   0.0 |       2 |       0 |   0.0
            +---------+---------+-------+---------+---------+-------
